 Dungeon Sprint DCSS version 0.28.0-62-gf88900778d (webtiles) character file.

Game seed: 15348570474821259800

13678 cbfl8 the Severer (level 11, -3/91 HPs)
             Began as a Demonspawn Berserker on Jan 14, 2024.
             Was the Champion of Trog.
             Slain by a 13-headed hydra (6 damage)
             ... while paralysed by a floating eye
             ... in the Dungeon (Sprint I: "Red Sonja").
             The game lasted 00:10:22 (5618 turns).

cbfl8 the Severer (Demonspawn Berserker)            Turns: 5618, Time: 00:10:23

Health: -3/91      AC: 21    Str: 15    XL:     11   Next: 78%
Magic:  0/8        EV:  2    Int:  8    God:    Trog [******]
Gold:   134        SH:  0    Dex: 14    Spells: 10/10 levels left

rFire   + . .      SeeInvis .   a - +4 executioner's axe (freeze)
rCold   . . .      Faith    +   (shield currently unavailable)
rNeg    . . .      Spirit   +   i - +4 chain mail {rPois}
rPois   +          Reflect  .   (helmet restricted)
rElec   .          Harm     .   (no cloak)
rCorr   .          Rampage  .   m - +2 pair of gloves
Will    .....      Rage     1%  c - +0 pair of boots
Stlth   .......... NoTele   +   l - amulet of faith
HPRegen 0.00/turn               (no ring)
MPRegen 0.22/turn               (no ring)

@: paralysed, inhibited regen, unable to read
A: molten scales 3, powered by pain 1, magic shield, magic regeneration,
weakness stinger 2, horns 1, berserk 1, clumsy 1, deformed body, frail 1, low MP
2, screaming 1, inhibited regeneration, weak 2, subdued magic 1, inability to
read while threatened
a: Renounce Religion, Berserk, Trog's Hand, Brothers in Arms


You were in the Dungeon.
You worshipped Trog.
Trog was exalted by your worship.
You visited 1 branch You collected 1210 gold pieces.
You spent 1076 gold pieces at shops.

Inventory:

Hand Weapons
 a - a +4 executioner's axe of freezing (weapon)
 o - a +2 antimagic broad axe
Armour
 c - a +0 pair of boots (worn)
 i - a +4 chain mail of poison resistance (worn)
 m - a +2 pair of gloves (worn)
Jewellery
 l - an amulet of faith (around neck)
Scrolls
 b - a scroll of enchant weapon {unknown}
 h - 3 scrolls of blinking
Potions
 d - a potion of heal wounds
 e - a potion of haste
 f - 4 potions of magic
 g - 2 potions of berserk rage
 k - 2 potions of curing
Miscellaneous
 j - a lightning rod (3/4) (quivered)


   Skills:
 + Level 15.3 Fighting
 + Level 17.0 Axes
 + Level 12.2 Armour
 - Level 2.3 Dodging
 * Level 13.4 Evocations


You had 10 spell levels left.
You didn't know any spells.
Your spell library was empty.

Dungeon Overview and Level Annotations

Branches:
Dungeon (1/1)

Altars:
Cheibriados
Dithmenos
Elyvilon
Fedhas
Gozag
Hepliaklqana
Kikubaaqudgha
Makhleb
Nemelex Xobeh
Okawaru
Qazlal
Ru
Sif Muna
Trog
Uskayaw
Vehumet
Wu Jian
Xom
Yredelemnul
Zin
The Shining One
Jiyva
Lugonu

Shops:
D [!:[?*=((?=!::(*=:[[(


Innate Abilities, Weirdness & Mutations

You are completely covered in molten scales. (AC +4, rF+)
You sometimes gain a little power by taking damage.
When hurt, damage is shared between your health and your magic reserves.
You regenerate magic rapidly.
You have a tail ending in a sharp stinger.
You have a pair of small horns on your head.
You tend to lose your temper in combat.
You are clumsy. (Dex -2)
Armour fits poorly on your strangely shaped body.
You are frail. (-10% HP)
Your magical capacity is very low. (-20% MP)
You occasionally shout uncontrollably at your foes.
You do not regenerate when monsters are visible.
You are very weak. (Str -4)
Your spells are a little easier to cast, but a little less powerful.
You sometimes lose the ability to read scrolls when taking damage.


Message History

The 13-headed hydra closely misses you.
The 13-headed hydra bites you but does no damage. x2
The 13-headed hydra bites you.
The 13-headed hydra bites you but does no damage. x2
The 13-headed hydra bites you.
The floating eye gazes piercingly through you!
You suddenly lose the ability to move!
The 13-headed hydra bites you but does no damage.
The 13-headed hydra bites you.
The 13-headed hydra bites you but does no damage. x2
The 13-headed hydra completely misses you.
The 13-headed hydra bites you but does no damage.
The 13-headed hydra bites you.
The 13-headed hydra bites you but does no damage.
The 13-headed hydra barely misses you.
The 13-headed hydra bites you but does no damage. x2
The 13-headed hydra bites you!
The 13-headed hydra bites you but does no damage.
The floating eye's view fixates on you. The 13-headed hydra barely misses you.
The 13-headed hydra bites you but does no damage. x2
The 13-headed hydra bites you.
* * * LOW HITPOINT WARNING * * *
The 13-headed hydra bites you but does no damage.
The 13-headed hydra bites you!
* * * LOW HITPOINT WARNING * * *
The 13-headed hydra bites you.
* * * LOW HITPOINT WARNING * * *
The 13-headed hydra bites you but does no damage. x2
The 13-headed hydra completely misses you.
The 13-headed hydra bites you.
* * * LOW HITPOINT WARNING * * *
The 13-headed hydra bites you but does no damage. x2
The 13-headed hydra bites you.
* * * LOW HITPOINT WARNING * * *
The 13-headed hydra bites you but does no damage. x2
The 13-headed hydra bites you!
* * * LOW HITPOINT WARNING * * *
The 13-headed hydra bites you.
You die...

#####################
).#.[#.§§)÷§§§§§@DG$#
..##'#§####§.§§§##$.+
..').#§# ###§§§## ##
###..§§#+#$###+# ##
.##'####..$#y#§##$$$#
.#.○○○☼#..$###§§###$#
§#.°.○○'..$$$##.#A#$#
'###...#.....# .###$#
.'.#...###++## ##..$#


You could see a 13-headed hydra and a floating eye (charged).

Vanquished Creatures
  A lorocyproca (D)
  2 centaur warriors (D)
  Sonja (D)
  A deep troll (D)
  A lindwurm (D)
  An oklob plant (D)
  8 shining eyes (D)
  A gargoyle (D)
  2 unseen horrors (D)
  2 kobold demonologists (D)
  4 demonic crawlers (D)
  A hornet (D)
  A slime creature (D)
  Sigmund (D)
  13 hogs (D)
  A yak (D)
  2 redbacks (D)
  6 floating eyes (D)
  7 necrophages (D)
  An ogre (D)
  8 jellies (D)
  Ijyb (D)
66 creatures vanquished.

Vanquished Creatures (others)
  2 ballistomycete spores (D)
2 creatures vanquished.

Grand Total: 68 creatures vanquished

Notes
Turn   | Place    | Note
-------+----------+-------------------------------------------
     0 | D        | cbfl8 the Demonspawn Berserker began the quest for the Orb.
     0 | D        | Reached XP level 1. HP: 18/18 MP: 1/1
     1 | D        | Noticed Ijyb
     7 | D        | Killed Ijyb
     8 | D        | Reached skill level 4 in Axes
     8 | D        | Gained mutation: You are partially covered in molten
                  | scales. (AC +2) [demonic ancestry]
     8 | D        | Reached XP level 2. HP: 26/26 MP: 2/2
    64 | D        | Noticed an ogre
    68 | D        | Killed an ogre
    69 | D        | Reached skill level 5 in Axes
    69 | D        | Gained mutation: You have a small tail. [demonic ancestry]
    69 | D        | Reached XP level 3. HP: 27/34 MP: 3/3
    69 | D        | Gained mutation: You sometimes gain a little power by
                  | taking damage. [demonic ancestry]
    69 | D        | Reached XP level 4. HP: 32/40 MP: 4/4
   238 | D        | Noticed Sigmund
   246 | D        | Killed Sigmund
   246 | D        | Reached ** piety under Trog
   247 | D        | Reached skill level 7 in Axes
   247 | D        | Gained mutation: You regenerate magic rapidly. [demonic
                  | ancestry]
   247 | D        | Reached XP level 5. HP: 49/49 MP: 5/5
   261 | D        | Found an ornate altar of the Wu Jian Council.
   261 | D        | Found a shimmering blue altar of Sif Muna.
   263 | D        | Found a radiant altar of Vehumet.
   274 | D        | Reached skill level 5 in Evocations
   274 | D        | Gained mutation: You are mostly covered in molten scales.
                  | (AC +3) [demonic ancestry]
   274 | D        | Reached XP level 6. HP: 5/56 MP: 6/6
   793 | D        | Found Fidgheizet's Antique Armour Emporium.
   793 | D        | Found an ancient bone altar of Kikubaaqudgha.
   793 | D        | Found a hazy altar of Hepliaklqana.
   793 | D        | Found a stormy altar of Qazlal.
   793 | D        | Found a hide-covered altar of Uskayaw.
   793 | D        | Found a blossoming altar of Fedhas.
   793 | D        | Found a bloodstained altar of Trog.
   793 | D        | Found an iron altar of Okawaru.
   793 | D        | Found a basalt altar of Yredelemnul.
   793 | D        | Found a snail-covered altar of Cheibriados.
   793 | D        | Found a sacrificial altar of Ru.
   793 | D        | Found a shadowy altar of Dithmenos.
   793 | D        | Noticed a yak
   803 | D        | Killed a yak
   804 | D        | Reached skill level 8 in Axes
   804 | D        | Found an opulent altar of Gozag.
   805 | D        | Found a sparkling altar of Nemelex Xobeh.
   809 | D        | Bought a scale mail for 92 gold pieces
   833 | D        | Found a burning altar of Makhleb.
   833 | D        | Found a viscous altar of Jiyva.
   833 | D        | Found a shimmering altar of Xom.
   833 | D        | Found a corrupted altar of Lugonu.
   833 | D        | Noticed a slime creature
   843 | D        | Killed a slime creature
   844 | D        | Reached skill level 9 in Axes
   844 | D        | Gained mutation: You have a tail ending in a sharp stinger.
                  | [demonic ancestry]
   844 | D        | Reached XP level 7. HP: 64/64 MP: 7/7
   879 | D        | Noticed Sonja
   891 | D        | Killed Sonja
   891 | D        | Reached *** piety under Trog
   892 | D        | Reached skill level 10 in Fighting
   892 | D        | Reached skill level 11 in Axes
   892 | D        | Reached skill level 5 in Armour
   892 | D        | Gained mutation: When hurt, damage is shared between your
                  | health and your magic reserves. [demonic ancestry]
   892 | D        | Reached XP level 8. HP: 71/73 MP: 8/8
  1189 | D        | Noticed a deep troll
  1206 | D        | Killed a deep troll
  1207 | D        | Reached skill level 12 in Axes
  1586 | D        | Noticed a centaur warrior
  1587 | D        | Noticed a centaur warrior
  1591 | D        | Found Doffur's Armour Emporium.
  1602 | D        | Killed a centaur warrior
  1603 | D        | Gained mutation: You are completely covered in molten
                  | scales. (AC +4, rF+) [demonic ancestry]
  1603 | D        | Reached XP level 9. HP: 52/81 MP: 5/9
  1609 | D        | Killed a centaur warrior
  1610 | D        | Reached skill level 13 in Axes
  2042 | D        | Bought a +4 chain mail of poison resistance for 399 gold
                  | pieces
  2042 | D        | Bought a +0 helmet for 63 gold pieces
  2173 | D        | Paralysed by a hornet for 3 turns
  2345 | D        | Noticed an oklob plant
  2368 | D        | Killed an oklob plant
  2369 | D        | Reached skill level 10 in Evocations
  2635 | D        | Reached **** piety under Trog
  2829 | D        | Killed an unseen horror
  2830 | D        | Reached skill level 14 in Axes
  2830 | D        | Reached XP level 10. HP: 84/90 MP: 8/10
  3102 | D        | Found Aliu's Antique Armour Boutique.
  3110 | D        | Bought a pair of embroidered gloves for 165 gold pieces
  3156 | D        | Noticed a sun demon
  3171 | D        | Reached ***** piety under Trog
  3177 | D        | Noticed an orange demon
  3577 | D        | Noticed a gargoyle
  3607 | D        | Killed a gargoyle
  3608 | D        | Reached skill level 10 in Armour
  3790 | D        | Noticed a lindwurm
  3875 | D        | Noticed a shining eye
  3875 | D        | Noticed a shining eye
  3875 | D        | Noticed a shining eye
  3875 | D        | Noticed a shining eye
  3875 | D        | Noticed a shining eye
  3875 | D        | Noticed a shining eye
  3875 | D        | Gained mutation: Your spells are a little easier to cast,
                  | but a little less powerful. [a shining eye]
  3876 | D        | Gained mutation: Armour fits poorly on your strangely
                  | shaped body. [a shining eye]
  3879 | D        | Paralysed by a floating eye for 4 turns
  3908 | D        | Paralysed by a floating eye for 2 turns
  3917 | D        | Gained mutation: You are frail. (-10% HP) [a shining eye]
  3918 | D        | Killed a shining eye
  3921 | D        | Killed a shining eye
  3922 | D        | Reached skill level 15 in Axes
  3923 | D        | Reached ****** piety under Trog
  3923 | D        | Gained mutation: You have a pair of small horns on your
                  | head. [a shining eye]
  3927 | D        | Killed a shining eye
  3932 | D        | Gained mutation: You sometimes lose the ability to read
                  | scrolls when taking damage. [a shining eye]
  3934 | D        | Gained mutation: You are weak. (Str -2) [a shining eye]
  3934 | D        | Paralysed by a floating eye for 2 turns
  3938 | D        | Killed a shining eye
  3938 | D        | Received a gift from Trog
  3939 | D        | Reached XP level 11. HP: 90/90 MP: 11/11
  3942 | D        | Gained mutation: You are clumsy. (Dex -2) [a shining eye]
  3943 | D        | Gained mutation: Your magical capacity is low. (-10% MP) [a
                  | shining eye]
  3950 | D        | Killed a shining eye
  3953 | D        | Gained mutation: You occasionally shout uncontrollably at
                  | your foes. [a shining eye]
  3954 | D        | Killed a shining eye
  3970 | D        | Noticed a shining eye
  3970 | D        | Noticed a shining eye
  3970 | D        | Gained mutation: You do not regenerate when monsters are
                  | visible. [a shining eye]
  3973 | D        | Paralysed by a floating eye for 4 turns
  3974 | D        | Gained mutation: You have hidden genetic defects. [a
                  | shining eye]
  3975 | D        | Gained mutation: You are very weak. (Str -4) [a shining
                  | eye]
  3980 | D        | Killed a shining eye
  3981 | D        | Killed a shining eye
  3981 | D        | Received a gift from Trog
  3993 | D        | Found Tyoneanwit's Magic Scroll Shop.
  3993 | D        | Found Vowuzum's Distillery.
  3993 | D        | Found Zicw's Assorted Antiques.
  3993 | D        | Found Buepiof's Book Emporium.
  4011 | D        | Bought a scroll of brand weapon for 260 gold pieces
  4128 | D        | Received a gift from Trog
  4198 | D        | Identified the +3 flail of Zoqoim {speed, Fly}
  4224 | D        | Found Erauher's Antique Weapon Shoppe.
  4224 | D        | Found Yvecau's Jewellery Shop.
  4224 | D        | Found Wiox's Antique Weapon Boutique.
  4226 | D        | Found Tifrod's Magic Scroll Emporium.
  4226 | D        | Found Vyevuk's Jewellery Shop.
  4226 | D        | Found Picah's Distillery.
  4226 | D        | Found Xeosin's Book Boutique.
  4226 | D        | Found Puer's Book Emporium.
  4226 | D        | Found Lor Nail's Weapon Shop.
  4226 | D        | Found Foadd's General Store.
  4230 | D        | Found Woyck's Jewellery Boutique.
  4231 | D        | Bought a scroll of blinking for 97 gold pieces
  4231 | D        | Found Jaofo's Antique Armour Emporium.
  4231 | D        | Found Neeqet's Book Boutique.
  4232 | D        | Found Onuicyb's Weapon Emporium.
  4308 | D        | Killed a lorocyproca
  4309 | D        | Reached skill level 16 in Axes
  4321 | D        | Gained mutation: You tend to lose your temper in combat.
                  | [hidden defects]
  5028 | D        | Killed a lindwurm
  5028 | D        | Received a gift from Trog
  5029 | D        | Reached skill level 15 in Fighting
  5205 | D        | Identified the +8 war axe of Big Damage {vorpal, Dex+6}
                  | (Trog gifted it to you in the Dungeon)
  5205 | D        | Received a gift from Trog
  5222 | D        | Gained mutation: Your magical capacity is very low. (-20%
                  | MP) [hidden defects]
  5222 | D        | Lost mutation: You have hidden genetic defects. [hidden
                  | defects expressed]
  5225 | D        | Reached skill level 17 in Axes
  5228 | D        | Identified the +3 war axe of Roek {vorpal, Dex+2} (Trog
                  | gifted it to you in the Dungeon)
  5228 | D        | Received a gift from Trog
  5466 | D        | Noticed a daeva
  5612 | D        | Noticed a 12-headed hydra
  5615 | D        | Paralysed by a floating eye for 4 turns
  5618 | D        | HP: 3/91 [13-headed hydra (6)]
  5618 | D        | Slain by a 13-headed hydra

Illustrated notes

Levels and vault maps discovered:
D:        dungeon_sprint_1 [red_sonja_temple_1, red_sonja_temple_small_1]

Skill      XL: |  1  2  3  4  5  6  7  8  9 10 11 |
---------------+----------------------------------+-----
Fighting       | 4 6 7 9 10 11 12 14 15 | 15.3
Axes           | 4 5 7 9 11 12 14 15 17 | 17.0
Armour         | 2 3 4 5 6 8 11 12 | 12.2
Dodging        | 2 |  2.3
Evocations     | 3 4 5 6 7 9 10 12 13 | 13.4

Action                   |  1- 3 |  4- 6 |  7- 9 | 10-12 || total
-------------------------+-------+-------+-------+-------++-------
Melee: Hand axe          |     7 |    29 |    89 |    99 ||   224
       Tailslap          |       |     7 |    18 |    39 ||    64
       Punch             |       |       |     1 |     4 ||     5
       Headbutt          |       |       |       |    28 ||    28
       Executioner's axe |       |       |       |    73 ||    73
       Battleaxe         |       |       |       |     5 ||     5
Invok: Berserk           |     2 |     1 |     5 |     4 ||    12
       Trog's Hand       |       |       |     1 |       ||     1
Evoke: Wand              |       |     6 |     2 |       ||     8
       Lightning rod     |       |       |       |     2 ||     2
  Use: Potion            |       |       |     1 |     2 ||     3
       Scroll            |       |       |       |     1 ||     1
 Stab: Paralysed         |       |    21 |       |       ||    21
Armor: Leather armour    |       |     1 |       |       ||     1
       Scale mail        |       |       |    21 |       ||    21
       Chain mail        |       |       |    30 |   124 ||   154
Dodge: Dodged            |     2 |     5 |    20 |    53 ||    80
